 Dungeon Crawl Stone Soup version 0.29-a0-653-gd47aff6735 (webtiles) character file.

Game seed: 625175547358464561

21 IdlyInterested the Slasher (level 2, -3/22 HPs)
             Began as a Demonspawn Gladiator on June 21, 2022.
             Slain by a goblin
             ... wielding a +0 club
             ... led by Robin
              (5 damage)
             ... on level 2 of the Dungeon.
             The game lasted 00:02:33 (1618 turns).

IdlyInterested the Slasher (Demonspawn Gladiator)   Turns: 1618, Time: 00:02:33

Health: -3/22      AC:  6    Str: 14    XL:     2   Next: 65%
Magic:  2/2        EV: 11    Int:  9    God:
Gold:   84         SH:  0    Dex: 14    Spells: 1/1 levels left

rFire   . . .      SeeInvis .   a - +0 long sword
rCold   . . .      Faith    .   (no shield)
rNeg    . . .      Spirit   .   h - +0 ring mail
rPois   .          Reflect  .   c - +0 helmet
rElec   .          Harm     .   (no cloak)
rCorr   .          Rampage  .   (no gloves)
Will    .....                   (no boots)
Stlth   +.........              (no amulet)
HPRegen 0.07/turn               (no ring)
MPRegen 0.16/turn               (no ring)

@: no status effects
A: magic regeneration, noise suppression
a: no special abilities


You were on level 2 of the Dungeon.
You visited 1 branch of the dungeon, and saw 2 of its levels.

You collected 84 gold pieces.

Inventory:

Hand Weapons
 a - a +0 long sword (weapon)
 g - a +0 rapier
Missiles
 d - 3 throwing nets
 e - a javelin
 f - 40 stones (quivered)
 i - 2 datura-tipped darts
 m - 4 curare-tipped darts
Armour
 b - a +0 leather armour
 c - a +0 helmet (worn)
 h - a +0 ring mail (worn)
Scrolls
 l - a scroll of enchant armour {unknown}
 n - a scroll of blinking {unknown}
Potions
 j - 2 potions of haste {unknown}
 k - 2 potions of curing {unknown}


   Skills:
 + Level 2.0 Fighting
 * Level 3.3 Long Blades
 - Level 1.7 Throwing
 - Level 3.0 Dodging


You had one spell level left.
You didn't know any spells.
Your spell library contained the following spells:

 Spells                   Type           Power      Damage    Failure   Level
 Ensorcelled Hibernation  Hex/Ice        0%         N/A       77%         2
 Passwall                 Tmut/Erth      0%         N/A       77%         2
 Swiftness                Air            0%         N/A       94%         3


Dungeon Overview and Level Annotations

Branches:
Dungeon (2/15)

Altars:

Annotations:
D:2 Robin


Innate Abilities, Weirdness & Mutations

You regenerate magic rapidly.
You passively dampen the noise of your surroundings.


Message History

Found a scroll labelled KISAVO LOKKY.
There is an open door here.
You barely miss the rat. The rat closely misses you.
You slash the rat!
You kill the rat! 2 goblins come into view.
The goblin shouts!
You hear a shout! 4 goblins come into view.
The goblin shouts! x3; You hear a shout! x3
Robin of the Strong Arm comes into view.
They are wielding a +0 mace.
A goblin comes into view. It is wielding a +0 club.
A goblin comes into view. It is wielding a +0 dagger. x2
The goblin shouts! 2 goblins come into view.
The goblin shouts! x2
Robin throws the goblin at you!
A goblin comes into view. It is wielding a +0 dagger of speed.
The goblin barely misses you.
Robin roars a battlecry!
The goblins go into a battle-frenzy!
The goblin hits you with a +0 dagger. x2
You closely miss the goblin. Robin throws the goblin at you!
The goblin barely misses you. The goblin hits you but does no damage.
The goblin closely misses you.
The goblin hits you with a +0 dagger. x2
The goblin barely misses you.
The goblin unwields a +0 club.
The goblin wields a +0 hunting sling.
The goblin shoots a sling bullet.
The sling bullet barely misses you. The goblin barely misses you.
You hit the goblin.
The goblin is severely wounded.
Robin throws the goblin at you! The goblin closely misses you.
The goblin barely misses you.
The goblin hits you with a +0 dagger of speed.
The goblin hits you but does no damage. The goblin hits you with a +0 dagger.
* * * LOW HITPOINT WARNING * * *
The goblin closely misses you. The goblin hits you but does no damage.
You hit the goblin but do no damage.
The goblin is severely wounded.
The goblin hits you but does no damage. x2; The goblin closely misses you.
The goblin hits you with a +0 club.
You die...

##.#### #.....#
#.....# #. #.....#
#..##'####+##########
##..##.###......?.....
#........'.....g......
####.#.###.†.ggg......
#.#.# #...g@gg.....
#...# #...gggg.....
##..# #....g..g....
#..# #............
#..# #............
#..# #............
##.# #............ #.#
#............ #.#


You could see Robin and 12 goblins.

Vanquished Creatures
  A dart slug (D:2)
  A bat (D:1)
  An endoplasm (D:1)
  A giant cockroach (D:2)
  2 goblins (D:1)
  2 hobgoblins (D:1)
  A quokka (D:1)
  4 ball pythons (D:1)
  2 frilled lizards (D:1)
  3 rats (D:2)
18 creatures vanquished.

Notes
Turn   | Place    | Note
-------+----------+-------------------------------------------
     0 | D:1      | IdlyInterested the Demonspawn Gladiator began the quest for
                  | the Orb.
     0 | D:1      | Reached XP level 1. HP: 16/16 MP: 1/1
   706 | D:1      | Found a faded altar of an unknown god.
   842 | D:1      | Gained mutation: You regenerate magic rapidly. [demonic
                  | ancestry]
   842 | D:1      | Reached XP level 2. HP: 22/22 MP: 2/2
  1347 | D:1      | Gained mutation: You passively dampen the noise of your
                  | surroundings. [potion of mutation]
  1613 | D:2      | Noticed Robin
  1618 | D:2      | Slain by a goblin

Illustrated notes

Levels and vault maps discovered:
D:1:      evilmike_arrival_rings, layout_loops_ring,
          shapermc_ecumenical_altar_hornbeckon, minmay_heptomino_d4
D:2:      layout_basic, uniq_robin

Skill      XL: |  1  2 |
---------------+-------+-----
Long Blades    | 3 |  3.3
Dodging        | 3 |  3.0
Fighting       | |  2.0
Throwing       | |  1.7

Action                   || total
-------------------------++-------
Melee: Long sword        ||    63
       Punch             ||     2
  Use: Scroll            ||     4
       Potion            ||     3
Armor: Ring mail         ||    33
Dodge: Dodged            ||    46

Table legend: (Time is in decaauts)
 A = Elapsed time spent in this place.
 B = Non-inter-level travel time spent in this place.
 C = Inter-level travel time spent in this place.
 D = Time resting spent in this place.
 E = Time spent auto-exploring this place.
 F = Levels seen in this place.
 G = Mean time per level.
                   A        B        C        D        E       F      G
               +--------+--------+--------+--------+--------+-----+--------+
         Total |   1641 |   1597 |     44 |    427 |    932 |   2 |  820.5 |
       Dungeon |   1641 |   1597 |     44 |    427 |    932 |   2 |  820.5 |
               +--------+--------+--------+--------+--------+-----+--------+

Top non-repeatable levels by time:
     D:1: 1442 daAuts
     D:2: 198 daAuts
